 Dungeon Crawl Stone Soup version 0.31-a0-986-g5e6e4ef867 (webtiles) character file.

Game seed: 6633105853662882519

1242 croobank the Sneak (level 8, 0/52 HPs)
             Began as an Octopode Fire Elementalist on Nov 16, 2023.
             Shot with an arrow by a centaur (4 damage)
             ... on level 5 of the Dungeon.
             The game lasted 00:15:25 (6308 turns).

croobank the Sneak (Octopode Fire Elementalist)     Turns: 6308, Time: 00:15:26

Health: 0/52       AC:  5    Str:  7    XL:     8   Next: 49%
Magic:  4/14       EV: 14    Int: 19    God:
Gold:   322        SH:  0    Dex: 13    Spells: 9/15 levels left

rFire   . . .        y - +2 dagger (speed)
rCold   . . .        (no shield)
rNeg    . . .        (helmet restricted)
rPois   .            (no amulet)
rElec   .            k - +4 ring of protection
rCorr   .            (no ring)
SInv    .            (no ring)
Will    .....        (no ring)
Stlth   ++++         (no ring)
HPRegen 0.28/turn    (no ring)
MPRegen 0.14/turn    (no ring)
                     (no ring)

%: no passive effects
@: mighty, hasted, very quick
A: almost no armour, amphibious, 8 rings, camouflage 1, gelatinous body 1,
(nimble swimmer 1), tentacles
a: no special abilities


You were on level 5 of the Dungeon.
You visited 1 branch of the dungeon, and saw 7 of its levels.

You collected 322 gold pieces.

Inventory:

Hand Weapons
 a - a +0 short sword
 i - a +0 trident
 y - a +2 dagger of speed (weapon)
Missiles
 h - 5 boomerangs (quivered)
Armour
 u - a +0 kite shield
Magical Staves
 f - a staff of fire
Jewellery
 k - a +4 ring of protection (left tentacle)
Talismans
 l - a flux talisman
 w - a talisman of death
Wands
 n - a wand of roots (4)
 x - a wand of flame (19)
 z - a wand of acid (11)
Scrolls
 c - 3 scrolls of teleportation
 g - a scroll of noise {unknown}
 j - a scroll of enchant armour
 o - 2 scrolls of immolation {unknown}
 q - a scroll of torment {unknown}
 t - a scroll of fear {unknown}
 v - a scroll of blinking {unknown}
Potions
 d - 2 potions of resistance
 m - a potion of mutation
 p - a potion of degeneration
 s - a potion of haste


   Skills:
 * Level 3.0 Fighting
 * Level 2.9 Throwing
 + Level 4.3 Dodging
 + Level 6.1 Stealth
 + Level 4.0 Spellcasting
 + Level 3.9 Conjurations
 + Level 4.9 Fire Magic


You had 9 spell levels left.
You knew the following spells:

 Your Spells              Type           Power      Damage    Failure   Level
a - Foxfire               Conj/Fire      80%        2x1d8     2%          1
b - Scorch                Fire           44%        2d6       2%          2
c - Inner Flame           Hex/Fire       13%        N/A       16%         3

Your spell library contained the following spells:

 Spells                   Type           Power      Damage    Failure   Level
 Momentum Strike          Conj/Tloc      22%        3d8       10%         2
 Sandblast                Erth           6%         2d5       14%         1
 Volatile Blastmotes      Fire/Tloc      26%        2d12      16%         3
 Stone Arrow              Conj/Erth      22%        3d8       19%         3
 Blink                    Tloc           6%         N/A       21%         2
 Lesser Beckoning         Tloc           6%         N/A       21%         2
 Passwall                 Tmut/Erth      2%         N/A       21%         2
 Flame Wave               Conj/Fire      20%        2d7       22%         4
 Brom's Barrelling Bould  Conj/Erth      11%        2d3       52%         4


Dungeon Overview and Level Annotations

Branches:
Dungeon (7/15)
 Temple: D:4-7

Altars:
Fedhas
Trog
Uskayaw
Vehumet
Xom


Innate Abilities, Weirdness & Mutations

You cannot wear most types of armour.
You are amphibious.
You can wear up to eight rings at the same time.
Your skin changes colour to match your surroundings (Stealth+).
Your rubbery body absorbs attacks. (AC +1, EV +1)
((You are camouflaged when in or above water. (Stealth+)))
You have tentacles for arms and can constrict up to eight enemies at once.


Message History

You release your grip on the gnoll.
The gnoll completely misses you.
The centaur shoots an arrow.
The arrow closely misses you.
You see here a +0 spear.
The centaur shoots an arrow.
The arrow hits you. The gnoll hits you but does no damage.
You closely miss the gnoll. Your grab misses the gnoll. You squeeze the gnoll.
The gnoll is heavily wounded.
The centaur shoots an arrow.
The arrow hits you!
* * * LOW HITPOINT WARNING * * *
The gnoll misses you.
The centaur shoots an arrow.
The arrow closely misses you.
The centaur shoots an arrow.
The arrow hits you.
* * * LOW HITPOINT WARNING * * *
The gnoll hits you but does no damage.
You see here a +0 flail.
Okay, then.
Okay, then.
Okay, then.
Okay, then.
It was a potion of heal wounds.
You feel much better.
The centaur shoots an arrow.
The arrow hits you. The gnoll misses you.
Okay, then.
As you read the scroll of identify, it crumbles to dust.
p - a potion of degeneration The centaur shoots an arrow.
The arrow misses you.
The centaur shoots an arrow.
The arrow hits you!
* * * LOW HITPOINT WARNING * * *
The gnoll hits you with a +0 whip.
* * * LOW HITPOINT WARNING * * *
It was a potion of might.
You feel very mighty all of a sudden.
The centaur shoots an arrow.
The arrow hits you!
* * * LOW HITPOINT WARNING * * *
The gnoll barely misses you.
The air fills with toxic fumes!
As you read the scroll labelled KUETRY FOUSO, it crumbles to dust.
It was a scroll of poison.
The gnoll hits you but does no damage.
It was a potion of haste.
You feel yourself speed up.
The centaur shoots an arrow.
The arrow hits you.
You die...

#.# #..####.............#
#.# ##§§...§§§§§§...<...#
.....§..§§..#§§.§§.########
#.####§.#c###§§§§### ..
..§§§#§§##§.§§#
##§§§§§§§§§§§§#
...##§§§§§#§§§# ..##
##§§§§§§§§# ....#
#§§§@g§§§# #..##§§§§§§§§#
.§§§§§§§§§§§##
.§§§§§§§§§§§§#
##..######§§§§§§§§#. .
.#........§§§§§§§§§§§.
.......####§§§§§§#§§##§§
... #..###§§§##§##§§##§§.
.####.......##...##.(. #.


You could see a centaur and a gnoll.

Vanquished Creatures
  Sigmund (D:2)
  An ogre (D:4)
  2 phantoms
  A bullfrog (D:4)
  2 gnoll sergeants (D:5)
  2 scorpions
  2 hounds
  2 jellies (D:4)
  An orc priest (D:4)
  2 iguanas
  2 orc wizards
  7 gnolls
  9 adders
  A shadow imp (D:5)
  4 worms
  4 dart slugs
  14 orcs
  6 bats
  6 endoplasms
  3 giant cockroaches
  8 goblins
  9 hobgoblins
  3 jackals (D:1)
  7 kobolds
  4 quokkas
  6 ball pythons
  4 frilled lizards
  9 rats
122 creatures vanquished.

Vanquished Creatures (collateral kills)
  A foxfire (D:4)
1 creature vanquished.

Vanquished Creatures (others)
  268 foxfires
268 creatures vanquished.

Grand Total: 391 creatures vanquished

Notes
Turn   | Place    | Note
-------+----------+-------------------------------------------
     0 | D:1      | croobank the Octopode Fire Elementalist began the quest for
                  | the Orb.
     0 | D:1      | Reached XP level 1. HP: 11/11 MP: 3/3
    61 | D:1      | Reached XP level 2. HP: 12/17 MP: 0/5
    71 | D:1      | Reached skill level 3 in Stealth
   185 | D:1      | Learned a level 2 spell: Scorch
   246 | D:1      | Reached XP level 3. HP: 5/21 MP: 0/6
   808 | D:1      | Learned a level 3 spell: Inner Flame
   842 | D:1      | Reached XP level 4. HP: 22/27 MP: 4/7
  1332 | D:2      | Noticed Sigmund
  1341 | D:2      | Killed Sigmund
  1342 | D:2      | Reached skill level 4 in Stealth
  1342 | D:2      | Reached XP level 5. HP: 31/31 MP: 0/9
  1342 | D:2      | Reached XP level 6. HP: 36/36 MP: 0/10
  2167 | D:2      | Found a shimmering altar of Xom.
  3855 | D:3      | Reached skill level 5 in Stealth
  3968 | D:4      | Found a bloodstained altar of Trog.
  4134 | D:4      | Reached XP level 7. HP: 39/41 MP: 7/12
  4344 | D:4      | You fall into a shaft and drop 3 floors!
  4361 | D:5      | Entered Level 5 of the Dungeon
  4590 | D:5      | Reached skill level 1 in Fighting
  4598 | D:5      | Reached skill level 1 in Throwing
  4715 | D:4      | Found a hide-covered altar of Uskayaw.
  4723 | D:4      | Found a blossoming altar of Fedhas.
  5340 | D:4      | Reached XP level 8. HP: 37/50 MP: 4/13
  5946 | D:5      | Found a radiant altar of Vehumet.
  6154 | D:5      | Reached skill level 6 in Stealth
  6308 | D:5      | Shot with an arrow by a centaur

Illustrated notes

Levels and vault maps discovered:
D:1:      noname_arrival_rooms_in_the_neighbourhood, layout_loops_ring
D:2:      kennysheep_six_static_rooms, layout_loops_ring, basic_altar,
          st_stairs_8, uniq_sigmund
D:3:      layout_basic, nicolae_figureground_pulse
D:4:      layout_cave_pools, amcnicky_altar_gilded,
          mainiacjoe_overflow_large_starburst, serial_bayou_lagoon_b
D:5:      layout_rooms, nicolae_vehumet_altar_sigil,
          minmay_temple_entry_gardened_gates
D:6:      minmay_angry_zag, layout_basic, mainiacjoe_overflow_brackets,
          lemuel_crystal_altar, mainiacjoe_overflow_alcove_4,
          nicolae_gozag_cash_rules_everything_around_me, ebering_ghost_sewer_f,
          uniq_grinder
D:7:      layout_basic, old_standard_altar, gup_ossuary_entry_pyramid

Skill      XL: |  1  2  3  4  5  6  7  8 |
---------------+-------------------------+-----
Stealth        | 3 4 5 6 |  6.1
Dodging        | 3 4 |  4.3
Spellcasting   | 3 4 |  4.0
Conjurations   | 2 3 |  3.9
Fire Magic     | 4 |  4.9
Fighting       | 2 3 |  3.0
Throwing       | 1 2 |  2.9

Action                     |  1- 3 |  4- 6 |  7- 9 || total
---------------------------+-------+-------+-------++-------
  Melee: Unarmed           |    20 |       |       ||    20
         Constrict         |    11 |    10 |    11 ||    32
         Tentacles         |     9 |    10 |    15 ||    34
         Short sword       |    23 |    27 |    18 ||    68
         Punch             |     1 |       |       ||     1
         Staff             |       |    12 |       ||    12
         Dagger            |       |       |    21 ||    21
  Throw: Dart              |       |       |     5 ||     5
         Boomerang         |       |       |     5 ||     5
   Cast: Foxfire           |    16 |    66 |    66 ||   148
         Scorch            |    12 |    25 |    25 ||    62
    Use: Potion            |     1 |       |     5 ||     6
         Scroll            |       |     1 |     7 ||     8
   Stab: Sleeping          |     4 |     8 |       ||    12
 Armour: Skin              |    21 |    20 |    57 ||    98
  Dodge: Dodged            |    22 |    26 |    97 ||   145

Table legend: (Time is in decaauts)
 A = Elapsed time spent in this place.
 B = Non-inter-level travel time spent in this place.
 C = Inter-level travel time spent in this place.
 D = Time resting spent in this place.
 E = Time spent auto-exploring this place.
 F = Levels seen in this place.
 G = Mean time per level.
                   A        B        C        D        E       F      G
               +--------+--------+--------+--------+--------+-----+--------+
         Total |   6332 |   6089 |    243 |   2037 |   2989 |   7 |  904.6 |
       Dungeon |   6332 |   6089 |    243 |   2037 |   2989 |   7 |  904.6 |
               +--------+--------+--------+--------+--------+-----+--------+

Top non-repeatable levels by time:
     D:4: 1653 daAuts
     D:2: 1491 daAuts
     D:3: 1291 daAuts
     D:1: 1063 daAuts
     D:5: 662 daAuts
     D:6: 156 daAuts
     D:7: 12 daAuts
